 Dungeon Sprint DCSS version 0.30.1-6-gbe392663c4 (webtiles) character file.

Game seed: 9272975174584065125

1594 Heoruswealwe the Impaler (level 8, -8/83 HPs)
             Began as a Minotaur Fighter on Sept 20, 2023.
             Was a Priest of the Shining One.
             Mangled by a boulder beetle (36 damage)
             ... in the Dungeon (Sprint IX: "|||||||||||||||||||||||||||||").
             The game lasted 00:06:15 (224 turns).

Heoruswealwe the Impaler (Minotaur Fighter)          Turns: 224, Time: 00:06:16

Health: -8/83      AC: 24    Str: 24    XL:     8   Next: 62%
Magic:  7/7        EV:  7    Int:  5    God:    the Shining One [***...]
Gold:   0          SH:  0    Dex:  9    Spells: 7/7 levels left

rFire   . . .        b - +2 halberd (protect)
rCold   . . .        (shield currently unavailable)
rNeg    + . .        c - +0 plate armour
rPois   .            (helmet restricted)
rElec   .            (no cloak)
rCorr   .            (no gloves)
SInv    .            (no boots)
Will    .....        (no amulet) Stlth
                     k - +2 ring of protection
HPRegen 0.33/turn    (no ring)
MPRegen 0.10/turn

%: no teleportation
@: under a protective aura, on berserk cooldown, slowed, glowing, very slow
A: horns 2, retaliatory headbutt
a: Renounce Religion, Divine Shield, Cleansing Flame


You were in the Dungeon.
You worshipped the Shining One.
The Shining One was most pleased with you.
You visited 1 branch

Inventory:

Hand Weapons
 a - a +0 trident
 b - a +2 halberd of protection (weapon)
Armour
 c - a +0 plate armour (worn)
 d - a +0 buckler
Jewellery
 k - a +2 ring of protection (left hand)
Wands
 g - a wand of quicksilver (10)
Scrolls
 j - 2 scrolls of blinking
Potions
 e - 5 potions of curing
 f - a potion of heal wounds


   Skills:
 + Level 12.2 Fighting
 * Level 16.0 Polearms
 + Level 12.2 Armour
 - Level 4.2 Shields


You had 7 spell levels left.
You didn't know any spells.
Your spell library was empty.

Dungeon Overview and Level Annotations

Branches:
Dungeon (1/1)

Altars:
Cheibriados
Dithmenos
Elyvilon
Fedhas
Gozag
Hepliaklqana
Kikubaaqudgha
Makhleb
Nemelex Xobeh
Okawaru
Qazlal
Ru
Sif Muna
Trog
Uskayaw
Vehumet
Wu Jian
Xom
Yredelemnul
Zin
The Shining One
Jiyva
Lugonu


Innate Abilities, Weirdness & Mutations

You have a pair of horns on your head.
You reflexively headbutt those who attack you in melee.


Message History

The boulder beetle closely misses you.
You completely miss the boulder beetle.
You headbutt the boulder beetle, but do no damage.
The boulder beetle is heavily wounded.
You puncture the boulder beetle!
You headbutt the boulder beetle, but do no damage.
The boulder beetle is severely wounded.
The boulder beetle leaps!
The centaur hits you but does no damage.
The centaur kicks you but does no damage.
You slash the centaur!
The centaur is severely wounded.
The centaur barely misses you. x2
The kobold demonologist gestures wildly while chanting.
You impale the centaur!!
You kill the centaur!
Your Polearms skill increases to level 16!
The gargoyle hurls a stone arrow at you.
The stone arrow hits you!!
* * * LOW HITPOINT WARNING * * *
The boulder beetle curls into a ball and begins rolling!
You see here a +0 shortbow.
You hit the gargoyle but do no damage. You impale the gargoyle!!
You headbutt the gargoyle.
The gargoyle is almost destroyed.
You are no longer berserk.
You are exhausted.
You feel yourself slow down. The gargoyle hits you with a +0 mace!
* * * LOW HITPOINT WARNING * * *
The kobold demonologist gestures wildly while chanting.
You feel much better.
The gargoyle hurls a stone arrow at you.
The stone arrow hits you!
* * * LOW HITPOINT WARNING * * *
You feel much better.
The gargoyle hurls a stone arrow at you.
The stone arrow misses you.
The stone arrow hits the boulder beetle!
The boulder beetle hits you!!!
You die... ▓▓▓▓▓▓▓▓▓▓▓▓▓▓▓▓▓▓▓▓▓ +CK9@B○°°°...)[=.[[[. ▓▓▓▓▓▓▓▓▓▓▓▓▓▓▓▓▓▓▓▓▓

You could see a boulder beetle (rolling), a cyclops, a kobold demonologist and a gargoyle.

Vanquished Creatures
  A death knight (D)
  2 trolls (D)
  An orc warrior (D)
  A black bear (D)
  2 centaurs (D)
  A kobold brigand (D)
  A scorpion (D)
  A gnoll bouda (D)
  2 hounds (D)
  A gnoll (D)
  A goblin (D)
  A quokka (D)
  A bat (D)
  A frilled lizard (D)
  A kobold (D)
18 creatures vanquished.

Notes
Turn   | Place    | Note
-------+----------+-------------------------------------------
     0 | D        | Heoruswealwe the Minotaur Fighter began the quest for the
                  | Orb.
     0 | D        | Reached XP level 1. HP: 19/19 MP: 0/0
    20 | D        | Noticed a scorpion
    20 | D        | Noticed a hound
    20 | D        | Noticed a black bear
    20 | D        | Noticed a hound
    25 | D        | Killed a hound
    26 | D        | Reached skill level 5 in Fighting
    26 | D        | Reached skill level 5 in Polearms
    26 | D        | Reached skill level 5 in Armour
    26 | D        | Reached XP level 2. HP: 29/29 MP: 1/1
    26 | D        | Reached XP level 3. HP: 36/36 MP: 2/2
    28 | D        | Killed a black bear
    29 | D        | Reached skill level 8 in Polearms
    29 | D        | Reached XP level 4. HP: 45/45 MP: 3/3
    35 | D        | Reached XP level 5. HP: 52/52 MP: 4/4
    41 | D        | Reached skill level 9 in Polearms
    47 | D        | Found a snail-covered altar of Cheibriados.
    47 | D        | Found a shadowy altar of Dithmenos.
    47 | D        | Found a white marble altar of Elyvilon.
    47 | D        | Found a blossoming altar of Fedhas.
    47 | D        | Found an opulent altar of Gozag.
    48 | D        | Found a hazy altar of Hepliaklqana.
    49 | D        | Found a viscous altar of Jiyva.
    50 | D        | Found an ancient bone altar of Kikubaaqudgha.
    51 | D        | Found a corrupted altar of Lugonu.
    52 | D        | Found a burning altar of Makhleb.
    53 | D        | Found a sparkling altar of Nemelex Xobeh.
    54 | D        | Found an iron altar of Okawaru.
    55 | D        | Found a stormy altar of Qazlal.
    56 | D        | Found a sacrificial altar of Ru.
    57 | D        | Found a shimmering blue altar of Sif Muna.
    58 | D        | Found a bloodstained altar of Trog.
    59 | D        | Found a hide-covered altar of Uskayaw.
    60 | D        | Found a radiant altar of Vehumet.
    61 | D        | Found an ornate altar of the Wu Jian Council.
    62 | D        | Found a shimmering altar of Xom.
    63 | D        | Found a basalt altar of Yredelemnul.
    64 | D        | Found a glowing silver altar of Zin.
    65 | D        | Found a glowing golden altar of the Shining One.
    73 | D        | Became a worshipper of the Shining One
   114 | D        | Noticed a troll
   114 | D        | Reached * piety under the Shining One
   114 | D        | Noticed a centaur
   114 | D        | Noticed a troll
   114 | D        | Noticed an orc warrior
   120 | D        | Killed an orc warrior
   121 | D        | Reached skill level 11 in Polearms
   121 | D        | Reached XP level 6. HP: 57/62 MP: 5/5
   123 | D        | Killed a troll
   124 | D        | Reached skill level 12 in Polearms
   124 | D        | Reached XP level 7. HP: 55/71 MP: 6/6
   129 | D        | Reached skill level 10 in Fighting
   129 | D        | Reached skill level 13 in Polearms
   129 | D        | Reached skill level 10 in Armour
   131 | D        | Killed a troll
   132 | D        | Reached skill level 14 in Polearms
   140 | D        | Reached ** piety under the Shining One
   204 | D        | Noticed a cyclops
   204 | D        | Noticed a kobold demonologist
   204 | D        | Noticed a gargoyle
   204 | D        | Noticed a boulder beetle
   204 | D        | Reached *** piety under the Shining One
   204 | D        | Noticed a death knight
   211 | D        | Killed a death knight
   212 | D        | Reached skill level 15 in Polearms
   212 | D        | Reached XP level 8. HP: 49/83 MP: 7/7
   220 | D        | Reached skill level 16 in Polearms
   222 | D        | HP: 4/83 [gargoyle/+0 mace (13)]
   224 | D        | Mangled by a boulder beetle

Illustrated notes

Levels and vault maps discovered:
D:        linesprint [early_d, line_temple, items_1, d_10, items_2, lair_1,
          lair_end, items_3, orc_1, orc_end, items_4, d_15, swamp_1, shoals_1,
          snake_1, spider_1, d_20, vaults_1, items_5, swamp_end, shoals_end,
          snake_end, spider_end, vaults_end, d_27, items_6, zot_1, zot_end,
          crypt_end, forest_end, elf_end, slime_end, tomb_end, abyss_end,
          pan_hell_end]

Skill      XL: |  1  2  3  4  5  6  7  8 |
---------------+-------------------------+-----
Fighting       | 5 6 7 8 9 12 | 12.2
Armour         | 5 6 7 8 9 12 | 12.2
Shields        | 4 |  4.2
Polearms       | 5 8 11 12 15 16 | 16.0

Action                     |  1- 3 |  4- 6 |  7- 9 || total
---------------------------+-------+-------+-------++-------
  Melee: Trident           |    15 |    12 |       ||    27
         Headbutt          |     3 |     3 |    11 ||    17
         Halberd           |       |     9 |    29 ||    38
    Use: Potion            |     2 |       |     3 ||     5
 Armour: Scale mail        |     7 |     6 |    10 ||    23
         Plate armour      |       |       |     3 ||     3
  Dodge: Dodged            |     3 |     5 |    17 ||    25
  Block: Buckler           |     1 |     1 |       ||     2
